 Dungeon Crawl Stone Soup version 0.23.2-40-g277498a001 (webtiles) character file.

Game seed: 5881260886940711516

392 Devam the Changer (level 6, -6/38 HPs)
             Began as an Octopode Transmuter on Sept 6, 2019.
             Mangled by an ogre
             ... wielding a +0 giant club
              (31 damage)
             ... on level 4 of the Dungeon.
             The game lasted 00:13:44 (4137 turns).

Devam the Changer (Octopode Transmuter)             Turns: 4137, Time: 00:13:45

Health: -6/38      AC:  2    Str: 12    XL:     6   Next: 81%
Magic:  7/10       EV: 20    Int: 15    God:
Gold:   254        SH:  3    Dex: 19    Spells: 1/11 levels left

rFire    . . .     SeeInvis .     - Unarmed
rCold    . . .     Gourm    .   (shield currently unavailable)
rNeg     . . .     Faith    .   (helmet currently unavailable)
rPois    x         Spirit   .   s - +3 amulet of reflection
rElec    .         Reflect  +   j - +2 ring of strength
rCorr    .         Harm     .   (no ring)
MR       .....                  (no ring)
Stlth    +++.......             (no ring)
HPRegen  0.12/turn              (no ring)
MPRegen  0.12/turn              (no ring)
                                (no ring)
                                (no ring)

@: spider-form
A: tiny, almost no armour, stealthy swim, (amphibious), 8 rings, (constrict 8)
a: End Transformation


You were on level 4 of the Dungeon.
You were not hungry.
You were a venomous arachnid creature.
You visited 1 branch of the dungeon, and saw 4 of its levels.

You collected 254 gold pieces.

Inventory:

Missiles
 a - 46 arrows
 g - 89 stones (quivered)
Magical Staves
 r - an uncursed staff of fire
Jewellery
 i - an uncursed amulet of the acrobat
 j - a +2 ring of strength (left front leg)
 s - a +3 amulet of reflection (around neck)
Wands
 n - a wand of digging (4)
Scrolls
 e - 5 scrolls of remove curse {@r2}
 o - a scroll of enchant weapon
 p - a scroll of amnesia
 q - a scroll of identify {@r1}
 t - a scroll of noise {unknown}
Potions
 b - a potion of haste
 d - 7 potions of curing {@q1}
 f - a potion of brilliance
 h - 4 potions of flight
 k - a potion of invisibility
 l - 3 potions of heal wounds
 u - a potion of might {unknown}
Comestibles
 c - 8 rations
 m - 4 chunks of flesh


   Skills:
 - Level 1.3 Fighting
 - Level 2.0 Dodging
 - Level 3.0 Stealth
 - Level 3.0 Unarmed Combat
 - Level 3.0 Spellcasting
 - Level 5.0 Transmutations
 + Level 1.2 Ice Magic
 - Level 3.1 Poison Magic


You had one spell level left.
You knew the following spells:

 Your Spells              Type           Power        Failure   Level  Hunger
a - Beastly Appendage     Tmut           ###...       10%         1    #......
b - Sticks to Snakes      Tmut           ###.....     12%         2    ##.....
c - Spider Form           Tmut/Pois      ##........   28%         3    ###....
d - Ice Form              Ice/Tmut       ##......     71%         4    #####..

Your spell library contained the following spells:

 Spells                   Type           Power        Failure   Level  Hunger
 Blade Hands              Tmut           ###.......   77%         5    ######.


Dungeon Overview and Level Annotations

Branches:
Dungeon (4/15)
 Temple: D:4-7

Altars:
Gozag
The Shining One


Innate Abilities, Weirdness & Mutations

You cannot wear most types of armour.
You are very stealthy in the water. (Stealth+)
((You are amphibious.))
You can wear up to eight rings at the same time.
((You can use your tentacles to constrict eight enemies at once.))
((Your skin changes colour to match your surroundings (Stealth+).))
((Your rubbery body absorbs attacks. (AC +1, EV +1)))


Message History

You start resting.
Some of the chunks of flesh in your inventory have rotted away.
HP restored.
You climb downwards.
The ogre completely misses you.
There is a stone staircase leading up here.
Casting: Beastly Appendage (safe; 2% risk of failure)
Confirm with . or Enter, or press ? or * to list all spells.
You turn into a venomous arachnid creature.
The ogre barely misses you.
You hit the ogre.
The ogre is poisoned.
The ogre is lightly wounded.
The ogre hits you with a +0 giant club!
You hit the ogre.
The ogre looks as sick as possible!
The ogre is moderately wounded.
The ogre misses you.
You bite the ogre!
The ogre looks as sick as possible!
The ogre is severely wounded.
The ogre hits you with a +0 giant club!!
Ouch! That really hurt!
You die...

#..############# #.##
#.......# #.## #.#####.#
#..### #.# #.# ##...#
#.# #.####### ####.###.#
#.......# #........##
#######.#
###.......######## #.##
##..##s÷.......###..###
##....O..####....#....
##..#.....#####..####
#.##.....# ##.>...
#.##.....# ######
#.##.....# #..
#.##...[.#########.#
###.##........O......#
###...##.....###.###..##


You could see an ogre.

Vanquished Creatures
  An ogre (D:4)
  An orc wizard (D:4)
  A hound (D:4)
  A bullfrog skeleton (D:4)
  A worker ant (D:4)
  4 gnolls (D:4)
  3 adders
  An ooze (D:3)
  2 worms
  3 dart slugs (D:1)
  A leopard gecko (D:4)
  4 orcs
  6 bats
  3 giant cockroaches
  4 goblins
  6 hobgoblins
  9 jackals
  2 quokkas
  3 frilled lizards
  A jackal skeleton (D:3)
  7 kobolds
  6 rats
  A toadstool (D:2)
71 creatures vanquished.

Vanquished Creatures (collateral kills)
  A bullfrog (D:2)
1 creature vanquished.

Vanquished Creatures (others)
  4 toadstools (D:2)
4 creatures vanquished.

Grand Total: 76 creatures vanquished

Notes
Turn   | Place    | Note
-------+----------+-------------------------------------------
     0 | D:1      | Devam the Octopode Transmuter began the quest for the Orb.
     0 | D:1      | Reached XP level 1. HP: 13/13 MP: 3/3
   217 | D:1      | Reached XP level 2. HP: 18/18 MP: 3/5
   343 | D:1      | Reached skill level 3 in Transmutations
   792 | D:1      | Learned a level 2 spell: Sticks to Snakes
   876 | D:2      | Reached XP level 3. HP: 18/23 MP: 4/6
   980 | D:2      | Reached skill level 1 in Stealth
  1871 | D:2      | Noticed a bullfrog
  1881 | D:2      | Killed a bullfrog
  1881 | D:2      | Reached skill level 4 in Transmutations
  1881 | D:2      | Reached XP level 4. HP: 28/28 MP: 1/7
  1909 | D:2      | Found a glowing golden altar of the Shining One.
  2134 | D:3      | Found a faded altar of an unknown god.
  2144 | D:3      | Learned a level 3 spell: Spider Form
  2874 | D:3      | Reached XP level 5. HP: 28/33 MP: 8/8
  2995 | D:4      | Reached skill level 1 in Poison Magic
  3183 | D:4      | Noticed an ogre
  3511 | D:4      | Killed an ogre
  3511 | D:4      | Reached XP level 6. HP: 25/38 MP: 7/10
  3625 | D:4      | Learned a level 4 spell: Ice Form
  3795 | D:4      | Found an opulent altar of Gozag.
  3835 | D:4      | Reached skill level 5 in Transmutations
  3938 | D:4      | Reached skill level 1 in Ice Magic
  4137 | D:4      | Mangled by an ogre

Skill      XL: |  1  2  3  4  5  6 |
---------------+-------------------+-----
Transmutations | 3 4 5 |  5.0
Stealth        | 3 |  3.0
Poison Magic   | 2 3 |  3.1
Spellcasting   | 3 |  3.0
Ice Magic      | 1 |  1.2
Fighting       | |  1.3
Dodging        | |  2.0
Unarmed Combat | |  3.0

Action                   |  1- 3 |  4- 6 || total
-------------------------+-------+-------++-------
Melee: Unarmed           |    65 |    96 ||   161
       Constrict         |    23 |    23 ||    46
       Tentacles         |    14 |    16 ||    30
       Kick              |    11 |    12 ||    23
       Punch             |     2 |     1 ||     3
Throw: Stone             |     4 |    20 ||    24
 Cast: Beastly Appendage |    15 |    10 ||    25
       Sticks to Snakes  |     3 |     1 ||     4
       Spider Form       |       |     6 ||     6
Evoke: Wand              |       |     1 ||     1
  Use: Scroll            |       |    13 ||    13
 Stab: Sleeping          |     7 |    12 ||    19
  Eat: Chunk             |     3 |     8 ||    11
Armor: Skin              |     8 |     4 ||    12
Dodge: Dodged            |    38 |    60 ||    98
